 Dungeon Crawl Stone Soup version 0.23.0-3-gf3c87f2 (webtiles) character file.

Game seed: 16695555758121866955

2204 zishaf the Purveyor of Pain (level 9, 0/79 HPs)
             Began as a Deep Dwarf Necromancer on Feb 21, 2019.
             Was an Initiate of Kikubaaqudgha.
             Slain by an orc warrior
             ... wielding a +2 vampiric trident
              (13 damage)
             ... on level 6 of the Dungeon on Feb 22, 2019.
             The game lasted 00:17:25 (7756 turns).

zishaf the Purveyor of Pain (DDNe)                  Turns: 7756, Time: 00:17:26

Health: 0/79       AC:  4    Str: 13    XL:     9   Next: 12%
Magic:  0/16       EV: 13    Int: 18    God:    Kikubaaqudgha [......]
Gold:   416        SH:  0    Dex: 13    Spells: 10/18 levels left

rFire    . . .     SeeInvis .   d - +3 dagger (speed)
rCold    . . .     Gourm    +   (no shield)
rNeg     . . .     Faith    .   o - +1 robe
rPois    .         Spirit   .   (no helmet)
rElec    .         Reflect  .   w - +0 cloak
rCorr    .         Harm     .   (no gloves)
MR       +....                  (no boots)
Stlth    ++........             y - amulet of the gourmand
HPRegen  0.00/turn              q - +3 ring of slaying
MPRegen  0.15/turn              (no ring)

@: non-regenerating
A: damage resistance, heal wounds, sense surroundings 2, no regeneration
a: Heal Wounds, Renounce Religion


You were on level 6 of the Dungeon.
You worshipped Kikubaaqudgha.
Kikubaaqudgha was noncommittal.
You were not hungry.

You visited 2 branches of the dungeon, and saw 8 of its levels.

You collected 416 gold pieces.

Inventory:

Hand Weapons
 d - a +3 dagger of speed (weapon)
Missiles
 h - 288 stones (quivered)
 j - 99 sling bullets
Armour
 a - a +0 robe
 o - a +1 robe (worn)
 w - a +0 cloak (worn)
Jewellery
 q - a +3 ring of slaying (left hand)
 y - an amulet of the gourmand (around neck)
Wands
 e - a wand of flame (7)
 p - a wand of acid (5)
Scrolls
 g - a scroll of teleportation
 i - 4 scrolls of identify
 k - 3 scrolls of remove curse
 t - a scroll of fear
 u - a scroll of enchant weapon
 x - 3 scrolls of enchant armour
Potions
 b - a potion of cancellation
 f - 2 potions of flight
 l - a potion of lignification
 m - 3 potions of heal wounds
 n - 5 potions of curing
 r - 2 potions of haste
 s - a potion of brilliance
 v - a potion of agility
 z - 2 potions of might
Comestibles
 c - 7 rations


   Skills:
 + Level 4.6 Fighting
 + Level 6.5 Armour
 - Level 3.4 Dodging
 - Level 3.0 Stealth
 - Level 5.2 Spellcasting
 + Level 8.1 Necromancy


You had 10 spell levels left.
You knew the following spells:

 Your Spells              Type           Power        Failure   Level  Hunger
a - Pain                  Necr           ####         1%          1    None
b - Animate Dead          Necr           N/A          4%          4    ####...
c - Vampiric Draining     Necr           ####......   1%          3    ##.....

Your spell library contained the following spells:

 Spells                   Type           Power        Failure   Level  Hunger
 Animate Skeleton         Necr           N/A          1%          1    None
 Regeneration             Chrm/Necr      Unusable     N/A         3    N/A

Dungeon Overview and Level Annotations

Branches:
Dungeon (7/15)             Temple (1/1) D:6

Altars:
Kikubaaqudgha
Makhleb
Qazlal
Trog
Uskayaw
Wu Jian
The Shining One

Shops:
D:5 %

Annotations:
D:6 Eustachio


Innate Abilities, Weirdness & Mutations

You are resistant to damage.
You can heal yourself by infusing magical energy.
You passively map the area around you.
You do not regenerate.


Message History

Press: ? - help, Shift-Dir - straight line, f/p - orc priest
Aim: an orc priest, wielding a +0 falchion and wearing a +0 leather armour (severely wounded)
The orc priest is almost dead.
You feel life coursing into your body.
The orc priest hits you but does no damage.
The orc warrior barely misses you.
Casting: Vampiric Draining (safe; 1% risk of failure)
Confirm with . or Enter, or press ? or * to list all spells.
You don't have enough magic to cast that spell.
Casting: Vampiric Draining (safe; 1% risk of failure)
Confirm with . or Enter, or press ? or * to list all spells.
Aiming: Pain (safe; 1% risk of failure)
Press: ? - help, Shift-Dir - straight line, f/p - orc priest
Aim: an orc priest, wielding a +0 falchion and wearing a +0 leather armour (almost dead, chance to defeat MR: 84%)
The orc priest writhes in agony.
You kill the orc priest!
Kikubaaqudgha accepts your kill.
The orc warrior hits you from afar with a +2 vampiric trident!
You die...
Kikubaaqudgha rasps: "You have failed me!
Welcome... death!"

#....# #...5..o..#.#
###.##.### #.#.po..###.#
#........####.#.###o# #.#
#.###...........# #.# #.#
#.# #....####.#.###.# #.#
#.###....# #.#..[oo###.#
#..>>....####.##..[oS.<.#
####...............#.#####
#........@####..##....#
#.##.#..))# #P.P###..#
#.##.....o#####.###...####
#.####......P#.ZZ#P......#
#.# ##.#.#....>....(.##.#
#.# ##<#.##P#...#P#..##.#
#.# #..#.#####.####..##.#
#.# #..#.#


#PpP# #p.##.# #.# #..#.# ##p####..##.# You could see an orc warrior.

Vanquished Creatures
  Pikel (D:6)
  Prince Ribbit (D:6)
  Sigmund (D:3)
  A sky beast (D:5)
  2 ice beasts
  2 ogres
  A centaur (D:4)
  3 bullfrogs (D:6)
  A howler monkey (D:4)
  2 crimson imps
  5 hounds
  A centaur skeleton (D:4)
  2 orc priests (D:6)
  Crazy Yiuf (D:6)
  An orc wizard (D:5)
  Jessica (D:3)
  Natasha (thrice) (D:3)
  A worker ant (D:4)
  A gnoll (D:1)
  5 adders
  4 worms
  3 dart slugs
  2 leopard geckos
  5 orcs
  5 bats
  2 giant cockroaches
  8 goblins
  6 hobgoblins
  8 jackals
  4 kobolds
  3 quokkas
  14 frilled lizards
  7 rats
107 creatures vanquished.

Vanquished Creatures (collateral kills)
  A worm (D:2)
  An orc (D:4)
  A giant cockroach (D:2)
  A frilled lizard (D:2)
4 creatures vanquished.

Vanquished Creatures (others)
  4 slaves (D:6)
  2 orc priests (D:6)
  3 orcs (D:6)
  A quokka (D:6)
  A quokka skeleton (D:6)
11 creatures vanquished.

Grand Total: 122 creatures vanquished

Notes
Turn   | Place    | Note
-------+----------+-------------------------------------------
     0 | D:1      | zishaf the Deep Dwarf Necromancer began the quest for the
                  | Orb.
     0 | D:1      | Reached XP level 1. HP: 15/15 MP: 3/3
   103 | D:1      | Learned a level 1 spell: Animate Skeleton
   230 | D:1      | Reached XP level 2. HP: 16/22 MP: 4/4
   711 | D:1      | Reached skill level 1 in Armour
   711 | D:1      | Reached XP level 3. HP: 14/28 MP: 0/6
   716 | D:1      | Learned a level 3 spell: Vampiric Draining
  1443 | D:2      | Noticed an ice beast
  1502 | D:2      | Killed an ice beast
  1502 | D:2      | Reached skill level 5 in Necromancy
  1502 | D:2      | Reached XP level 4. HP: 28/36 MP: 0/7
  1502 | D:2      | Reached XP level 5. HP: 33/42 MP: 0/8
  1789 | D:2      | Noticed an ogre
  1796 | D:2      | Killed an ogre
  2699 | D:3      | Noticed Natasha
  2824 | D:3      | Killed Natasha
  2824 | D:3      | Reached XP level 6. HP: 34/49 MP: 3/10
  2833 | D:2      | Learned a level 4 spell: Animate Dead
  3098 | D:3      | Noticed Sigmund
  3118 | D:3      | Killed Sigmund
  3118 | D:3      | Reached skill level 1 in Fighting
  3118 | D:3      | Reached skill level 6 in Necromancy
  3196 | D:3      | Noticed Natasha
  3199 | D:3      | Killed Natasha
  3326 | D:3      | Noticed Jessica
  3333 | D:3      | Killed Jessica
  3333 | D:3      | Reached XP level 7. HP: 46/57 MP: 12/12
  4218 | D:3      | Noticed Natasha
  4231 | D:3      | Killed Natasha
  5111 | D:4      | Found a glowing golden altar of the Shining One.
  5159 | D:5      | Entered Level 5 of the Dungeon
  5321 | D:5      | Found Exzov's Food Boutique.
  5452 | D:5      | Reached skill level 5 in Armour
  5452 | D:5      | Reached XP level 8. HP: 58/68 MP: 7/14
  5580 | D:5      | Reached skill level 7 in Necromancy
  6341 | D:6      | Noticed Prince Ribbit
  6361 | D:6      | Killed Prince Ribbit
  6838 | D:6      | Found a staircase to the Ecumenical Temple.
  6847 | Temple   | Entered the Ecumenical Temple
  6852 | Temple   | Became a worshipper of Kikubaaqudgha
  6859 | D:6      | Noticed Pikel
  6888 | D:6      | Killed Pikel
  6888 | D:6      | Reached skill level 5 in Spellcasting
  6888 | D:6      | Gained mutation: You passively map the area around you.
                  | [Deep Dwarf growth]
  6888 | D:6      | Reached XP level 9. HP: 67/78 MP: 0/16
  7051 | D:6      | Noticed Eustachio
  7222 | D:6      | Found a runed translucent door.
  7223 | D:6      | Noticed Crazy Yiuf
  7232 | D:6      | Killed Crazy Yiuf
  7325 | D:6      | Reached skill level 8 in Necromancy
  7514 | D:6      | HP: 3/79 [orc priest/divine providence (10)]
  7756 | D:6      | Slain by an orc warrior

Skill      XL: |  1  2  3  4  5  6  7  8  9 |
---------------+----------------------------+-----
Spellcasting   | 2 3 4 5 |  5.2
Armour         | 1 2 3 5 6 |  6.5
Stealth        | 3 |  3.0
Dodging        | 3 |  3.4
Necromancy     | 5 6 7 8 |  8.1
Fighting       | 1 2 4 |  4.6

Action                   |  1- 3 |  4- 6 |  7- 9 || total
-------------------------+-------+-------+-------++-------
Melee: Dagger            |    48 |    48 |    71 ||   167
Throw: Stone             |     2 |       |       ||     2
 Cast: Pain              |    26 |     7 |    36 ||    69
       Animate Skeleton  |    13 |     1 |       ||    14
       Vampiric Draining |    11 |    29 |    73 ||   113
       Animate Dead      |       |       |    10 ||    10
Evoke: Wand              |       |     4 |     6 ||    10
  Use: Scroll            |       |       |    17 ||    17
 Stab: Sleeping          |     2 |     2 |     1 ||     5
  Eat: Chunk             |     4 |     9 |    21 ||    34
       Ration            |       |       |     1 ||     1
Armor: Robe              |     7 |     7 |     8 ||    22
Dodge: Dodged            |    39 |    27 |   102 ||   168
